 Dungeon Crawl Stone Soup version 0.31-a0-1-g4198be8af4 (webtiles) character file.

Game seed: 5235480095954544320

80648 Jase the Severer (level 15, -9/140 (141) HPs)
             Began as a Hill Orc Fighter on May 1, 2023.
             Was the Champion of Beogh.
             Blown up by an orb spider (42 damage)
             ... with an orb of destruction
             ... on level 3 of the Spider Nest.
             The game lasted 02:02:12 (26644 turns).

Jase the Severer (Hill Orc Fighter)                Turns: 26644, Time: 02:02:13

HP:   -9/140 (141)  AC: 22    Str: 29    XL:     15   Next: 67%
MP:   22/27         EV:  9    Int:  4    God:    Beogh [******]
Gold: 111           SH:  0    Dex: 12    Spells: 14/14 levels left

rFire   + . .        a - +2 battleaxe (freeze)
rCold   + . .        (shield currently unavailable)
rNeg    . . .        Z - +1 chain mail of Uteffas {rC+}
rPois   +            W - +1 helmet
rElec   .            s - +2 cloak
rCorr   .            (no gloves)
SInv    .            F - +0 pair of boots
Will    ++...        d - amulet of regeneration Stlth
                     R - ring of willpower
HPRegen 1.23/turn    Q - ring of the Will of the Gods {Fly rPois rF+ Str+4 Int-4}
MPRegen 0.20/turn

%: no passive effects
@: flying, studying Evocations, lightly drained
A: walk on water
a: Renounce Religion, Smiting, Recall Orcish Followers, Give Item to Named
Follower, Resurrection


You were on level 3 of the Spider Nest.
You worshipped Beogh.
Beogh was exalted by your worship.
You visited 5 branches of the dungeon, and saw 23 of its levels.

You collected 2074 gold pieces.
You spent 1963 gold pieces at shops.

Inventory:

Hand Weapons
 a - a +2 battleaxe of freezing (weapon)
 b - a +1 hand axe of venom
 c - a +1 whip of electrocution
 M - a -1 demon whip of venom
 O - a +1 spear of distortion
Missiles
 x - 5 throwing nets (quivered)
 E - a curare-tipped dart
 K - 8 javelins
 S - 6 silver javelins
Armour
 s - a +2 cloak (worn)
 F - a +0 pair of boots (worn)
 H - the +0 leather armour of Theory {rF++ Str+3 Slay+3}
   (You found it on level 6 of the Dungeon)

   Str:       It affects your strength (+3).
   Slay:      It affects your accuracy & damage with ranged weapons and melee
   (+3).
   rF:        It greatly protects you from fire.
 W - a +1 helmet (worn)
 Z - the +1 chain mail of Uteffas (worn) {rC+}
   (You found it on level 5 of the Lair of Beasts)

   rC:        It protects you from cold.
Jewellery
 d - an amulet of regeneration (around neck)
 Q - the ring of the Will of the Gods (right hand) {Fly rPois rF+ Str+4 Int-4}
   (You found it on level 10 of the Dungeon)

   [ring of protection from fire]

   Str:       It affects your strength (+4).
   Int:       It affects your intelligence (-4).
   rF:        It protects you from fire.
   rPois:     It protects you from poison.
   Fly:       It grants you flight.
 R - a ring of willpower (left hand)
 Y - a ring of protection from fire
Wands
 e - a wand of flame (70)
 h - a wand of digging (9)
 i - a wand of iceblast (5)
 u - a wand of paralysis (11)
 I - a wand of polymorph (11)
 X - a wand of light (5)
Scrolls
 l - 2 scrolls of fog
 n - 7 scrolls of enchant armour
 p - a scroll of brand weapon
 q - 9 scrolls of teleportation
 r - a scroll of torment
 v - 2 scrolls of silence
 B - 6 scrolls of blinking
 C - 4 scrolls of enchant weapon
 D - 2 scrolls of fear
 T - 2 scrolls of butterflies
 V - 2 scrolls of magic mapping
Potions
 f - 14 potions of curing
 g - 5 potions of cancellation
 j - 4 potions of mutation
 k - 3 potions of invisibility
 m - 8 potions of heal wounds
 o - 5 potions of lignification
 w - 2 potions of haste
 y - 3 potions of ambrosia
 z - 2 potions of flight
 L - a potion of resistance
 N - 2 potions of attraction
 P - 2 potions of magic
Miscellaneous
 J - a lightning rod (4/4)
 U - a box of beasts


   Skills:
 + Level 15.5 Fighting
 - Level 20.0 Axes
 + Level 14.3 Armour
 - Level 3.2 Shields
 + Level 16.1 Invocations
 + Level 9.1 Evocations


You had 14 spell levels left.
You didn't know any spells.
Your spell library contained the following spells:

 Spells                   Type           Power      Damage    Failure   Level
 Necrotise                Necr           0%         1d4       86%         1
 Cigotuvi's Dreadful Rot  Necr/Pois/Air  0%         N/A       94%         2
 Portal Projectile        Hex/Tloc       0%         N/A       99%         3
 Tukima's Dance           Hex            0%         N/A       99%         3
 Vampiric Draining        Necr           0%         2d6       99%         3
 Dispel Undead            Necr           0%         3d6       100%        4
 Agony                    Necr           0%         N/A       100%        5
 Blade Hands              Tmut           0%         N/A       100%        5
 Death Channel            Necr           0%         N/A       100%        6
 Borgnjor's Revivificati  Necr           0%         N/A       100%        8
 Necromutation            Tmut/Necr      0%         N/A       100%        8
 Death's Door             Necr           0%         N/A       100%        9


Dungeon Overview and Level Annotations

Branches:
Dungeon (12/15)            Temple (0/1) D:5            Lair (5/5) D:9
  Swamp (1/4) Lair:3       Spider (3/4) Lair:3        Slime (0/5) Lair:4
    Orc (2/2) D:10            Elf (0/3) Orc:2

Altars:
Dithmenos
Elyvilon
Gozag
Nemelex Xobeh
Okawaru
Ru
Sif Muna
Trog
Uskayaw
Vehumet
Xom
Yredelemnul
Zin
Beogh
Jiyva

Shops:
D:5 ?   D:8 ?   Orc:2 =((?((==(

Annotations:
D:5 2 transporters
D:8 3 runed translucent doors, thug444's ghost, novice TrTm
Orc:2 2 runed translucent doors, exclusion: orange crystal statue


Message History

The culicivora is smitten.
Unknown command.
You feel very sick. The culicivora bites you!
* * * LOW HITPOINT WARNING * * *
The culicivora draws strength from your injuries!
Margrim shoots a bolt.
The bolt hits the orb spider!!
Your orc priest mumbles some strange prayers to Beogh against the culicivora.
The culicivora is smitten.
Your orc high priest prays to Beogh.
Unknown command.
Unknown command.
You feel sick.
Your orc high priest dies!
Your smoke demon disappears in a puff of smoke!
The orb spider is healed somewhat.
The orb spider weaves a glowing orb of energy.
The wolf spider hits you but does no damage.
The wolf spider bites you.
* * * LOW HITPOINT WARNING * * *
Margrim shoots a bolt.
The bolt hits the orb spider!
Bogward hits the culicivora from afar with a +2 trident of flaming!!!
Bogward burns the culicivora.
The culicivora dies!
Beogh accepts your kill.
An orb of destruction comes into view.
Unknown command.
You feel better.
Ugbert no longer looks unusually strong.
The wolf spider closely misses you. The wolf spider completely misses you.
Margrim roars a battlecry!
Ugbert goes into a battle-frenzy!
The wolf spider hits you!
* * * LOW HITPOINT WARNING * * *
The wolf spider barely misses you.
You slash the wolf spider! You freeze the wolf spider.
The wolf spider is moderately wounded.
Margrim no longer looks unusually strong.
The orb of destruction hits you!!!
You die...

...^...^#
.......###
........##
........#
...s...
##†.°.###
#.os○...#
#.o@o...#
##.o.o..#
#.oo....#
#....####
#.††.#.##
#.......#
####......#
#.......^.#
####.........#


You could see a wolf spider (ally target), an orb spider (ally target), the
friendly Bogward the orc warlord (strong), the friendly Margrim the orc knight,
the friendly Olfrun the orc knight (strong), 2 friendly orc warriors, a friendly
orc priest (strong) and the friendly Ugbert the orc wizard (strong, invisible).

Vanquished Creatures
  2 emperor scorpions (Spider:2)
  A ghost moth (Spider:3)
  A broodmother (Spider:1)
  A spark wasp (Spider:2)
  A fire dragon (Lair:5)
  An entropy weaver (Spider:2)
  Erolcha (D:12)
  2 catoblepae
  A hydra (Lair:5)
  A two-headed ogre (D:12)
  A jorogumo (Spider:3)
  2 boulder beetles
  6 death yaks
  2 orc high priests (Orc:2)
  A skyshark (Lair:5)
  Amaemon (D:8)
  4 pharaoh ants
  A swamp dragon (Lair:5)
  A deep elf pyromancer (D:10)
  An orb spider (Spider:1)
  4 wolf spiders
  An ugly thing (D:10)
  2 cyclopes
  A moth of wrath (Spider:2)
  A manticore (D:12)
  15 elephants
  A black mamba (shapeshifter) (D:12)
  8 black mambas
  3 torpor snails
  A gargoyle (D:12)
  A demonic crawler (Spider:2)
  An unseen horror (D:11)
  Maggie (D:8)
  2 rime drakes
  Psyche (D:10)
  10 cane toads
  2 komodo dragons (Lair:5)
  8 polar bears (Lair:5)
  A troll (Orc:1)
  4 tarantellas
  A blink frog (shapeshifter) (D:10)
  3 raiju (Lair:5)
  13 blink frogs
  A slime creature (D:12)
  6 jumping spiders
  8 culicivoras
  Eustachio (D:6)
  A shadow (D:12)
  2 wyverns
  42 yaks
  2 basilisks
  2 steam dragons (D:6)
  13 redbacks
  2 vampire mosquitoes (D:12)
  2 wargs (Lair:5)
  4 acid dragons (Lair:5)
  2 swamp worms (Lair:3)
  7 water moccasins
  Duvessa (D:4)
  8 hell hounds (Lair:5)
  4 orc warriors
  2 swamp drakes (Lair:5)
  4 ice beasts
  7 black bears (Lair:5)
  A sky beast (D:6)
  4 ogres
  18 wolves
  2 centaurs
  3 kobold brigands
  8 bullfrogs
  4 scorpions
  Dowan (D:4)
  8 killer bees
  2 electric eels (Lair:5)
  A howler monkey (D:9)
  7 orc priests
  3 hounds
  2 jellies
  A sleepcap (D:5)
  4 iguanas
  7 orc wizards
  10 gnolls
  5 adders
  A shadow imp (D:5)
  3 white imps
  An ufetubus (D:6)
  A worm (D:5)
  2 dart slugs (D:5)
  21 orcs
  7 bats
  13 endoplasms
  7 giant cockroaches
  8 goblins
  8 hobgoblins
  4 jackals (D:2)
  5 quokkas
  5 ball pythons
  A frilled lizard (D:2)
  22 kobolds
  5 rats
443 creatures vanquished.

Vanquished Creatures (collateral kills)
  Gastronok (Lair:3)
  Frances (Spider:1)
  Donald (Orc:2)
  A broodmother (Spider:3)
  2 entropy weavers (Spider:3)
  4 hydras
  A centaur warrior (D:10)
  3 two-headed ogres
  3 orc high priests (Orc:2)
  A pharaoh ant (Spider:2)
  5 orb spiders
  An orc sorcerer (Orc:2)
  3 wolf spiders
  7 elephants
  A cyclops (D:12)
  A slime creature (D:12)
  A demonic crawler (Spider:3)
  3 cane toads (Lair:4)
  An orange demon (D:8)
  A black mamba (Lair:4)
  4 komodo dragons
  2 trolls (D:10)
  3 polar bears
  7 tarantellas
  A tyrant leech (Lair:3)
  5 blink frogs (Lair:2)
  A wraith (D:12)
  6 jumping spiders
  7 culicivoras
  17 yaks
  2 wyverns
  2 vampire mosquitoes (D:12)
  A basilisk (Lair:5)
  11 redbacks
  An acid dragon (Lair:5)
  2 swamp worms (Lair:3)
  5 wargs
  4 water moccasins
  4 hell hounds (Lair:5)
  4 orc warriors (Orc:2)
  4 black bears
  14 wolves
  An ogre (Orc:1)
  A bullfrog (Lair:4)
  2 gnoll sergeants
  2 killer bees
  A howler monkey (D:11)
  A jelly (Lair:4)
  10 orc priests
  2 iguanas (Lair:5)
  3 orc wizards (Orc:2)
  3 gnolls
  11 orcs
  An endoplasm (Lair:4)
187 creatures vanquished.

Vanquished Creatures (others)
  An orc knight (Spider:3)
  2 orc high priests
  2 orc sorcerers (Orc:2)
  2 orc warriors (Orc:2)
  A black bear (Lair:5)
  12 orc priests
  10 orc wizards
  19 orcs
  29 fungi
  83 plants
161 creatures vanquished.

Grand Total: 791 creatures vanquished

Notes
Turn   | Place    | Note
-------+----------+-------------------------------------------
     0 | D:1      | Jase the Hill Orc Fighter began the quest for the Orb.
     0 | D:1      | Reached XP level 1. HP: 19/19 MP: 1/1
    66 | D:1      | Reached skill level 3 in Axes
    69 | D:1      | Reached XP level 2. HP: 21/27 MP: 2/2
   581 | D:1      | Reached XP level 3. HP: 33/33 MP: 3/3
   839 | D:2      | Reached skill level 4 in Axes
  1140 | D:2      | Reached XP level 4. HP: 20/40 MP: 4/4
  1571 | D:3      | Found a radiant altar of Vehumet.
  1665 | D:3      | Found a faded altar of an unknown god.
  1677 | D:3      | Prayed at the altar of an unknown god.
  1677 | D:3      | Became a worshipper of Beogh the Brigand
  1677 | D:3      | Reached * piety under Beogh
  2203 | D:4      | Noticed an ogre
  2209 | D:4      | Killed an ogre
  2210 | D:4      | Reached skill level 5 in Axes
  2210 | D:4      | Reached skill level 1 in Invocations
  2210 | D:4      | Reached XP level 5. HP: 41/47 MP: 4/6
  2218 | D:4      | Reached XP level 6. HP: 27/55 MP: 4/7
  2385 | D:4      | Reached skill level 5 in Fighting
  2391 | D:4      | Reached ** piety under Beogh
  2392 | D:4      | Reached skill level 6 in Axes
  2669 | D:4      | Reached XP level 7. HP: 58/61 MP: 9/9
  2903 | D:4      | Noticed Dowan
  2904 | D:4      | Noticed Duvessa
  2924 | D:4      | Killed Dowan
  3174 | D:4      | Reached skill level 7 in Axes
  3174 | D:4      | Reached skill level 5 in Armour
  3503 | D:4      | Killed Duvessa
  3678 | D:5      | Entered Level 5 of the Dungeon
  3971 | D:5      | Noticed a yak
  3973 | D:5      | Noticed a yak
  3974 | D:5      | Noticed a yak
  4009 | D:5      | Killed a yak
  4010 | D:5      | Reached skill level 8 in Axes
  4010 | D:5      | Reached XP level 8. HP: 35/70 MP: 11/11
  4010 | D:5      | Killed a yak
  4017 | D:5      | Killed a yak
  4237 | D:5      | Found a staircase to the Ecumenical Temple.
  4259 | D:5      | Reached skill level 9 in Axes
  4259 | D:5      | Reached skill level 5 in Invocations
  4551 | D:5      | Found a transporter.
  4565 | D:5      | Found a transporter.
  4574 | D:5      | Found Fecs's Magic Scroll Shop.
  4577 | D:5      | Bought a scroll of identify for 26 gold pieces
  4577 | D:5      | Bought a scroll of blinking for 97 gold pieces
  4577 | D:5      | Bought a scroll of enchant weapon for 97 gold pieces
  4577 | D:5      | Bought a scroll of fear for 52 gold pieces
  4982 | D:6      | Found an iron altar of Okawaru.
  4982 | D:6      | Found a shimmering blue altar of Sif Muna.
  5088 | D:6      | Reached XP level 9. HP: 17/79 MP: 2/13
  5461 | D:6      | Identified the +0 leather armour of Theory {rF++ Str+3
                  | Slay+3}
  5480 | D:6      | Noticed Eustachio
  5505 | D:6      | Killed Eustachio
  5506 | D:6      | Reached skill level 10 in Axes
  6053 | D:6      | Reached *** piety under Beogh
  6642 | D:5      | Bought a scroll of poison for 52 gold pieces
  6741 | D:7      | Found a shadowy altar of Dithmenos.
  6985 | D:7      | Reached skill level 11 in Axes
  7089 | D:7      | Found a glowing silver altar of Zin.
  8040 | D:8      | Noticed a two-headed ogre
  8050 | D:8      | Killed a two-headed ogre
  8051 | D:8      | Reached skill level 12 in Axes
  8051 | D:8      | Reached XP level 10. HP: 7/90 MP: 2/15
  8299 | D:8      | Found a sparkling altar of Nemelex Xobeh.
  8300 | D:8      | Found a hide-covered altar of Uskayaw.
  8300 | D:8      | Found a sacrificial altar of Ru.
  8310 | D:8      | Noticed Amaemon
  8311 | D:8      | Noticed an orange demon
  8315 | D:8      | Killed Amaemon
  8320 | D:8      | Killed an orange demon
  8519 | D:8      | Found a bloodstained altar of Trog.
  8519 | D:8      | Found an opulent altar of Gozag.
  8520 | D:8      | Found a shimmering altar of Xom.
  8819 | D:8      | Found a runed translucent gate.
  8819 | D:8      | Found a runed translucent gate.
  8819 | D:8      | Found a runed translucent gate.
  8962 | D:8      | Noticed thug444's ghost (novice TrTm)
  9025 | D:8      | Noticed Maggie
  9027 | D:8      | Found Qoblich's Magic Scroll Shoppe.
  9045 | D:8      | Killed Maggie
  9107 | D:8      | Bought a scroll of noise for 13 gold pieces
  9108 | D:8      | Bought a scroll of identify for 26 gold pieces
  9108 | D:8      | Bought a scroll of identify for 26 gold pieces
  9111 | D:8      | Identified a scroll of acquirement
  9111 | D:8      | Acquired a manual of Evocations
  9219 | D:8      | Bought a scroll of immolation for 52 gold pieces
  9310 | D:9      | Found a staircase to the Lair.
  9379 | D:9      | Reached skill level 13 in Axes
  9829 | D:9      | Found a white marble altar of Elyvilon.
 10008 | D:9      | Found a basalt altar of Yredelemnul.
 10147 | D:10     | Entered Level 10 of the Dungeon
 10150 | D:10     | Noticed a two-headed ogre
 10152 | D:10     | Noticed a two-headed ogre
 10158 | D:10     | Killed a two-headed ogre
 10162 | D:10     | Killed a two-headed ogre
 10163 | D:10     | Reached XP level 11. HP: 44/97 MP: 6/17
 10430 | D:10     | Noticed Psyche
 10447 | D:10     | Killed Psyche
 10448 | D:10     | Reached skill level 14 in Axes
 10631 | D:10     | Reached **** piety under Beogh
 10754 | D:10     | Found a staircase to the Orcish Mines.
 10765 | D:10     | Gained Margrim as an ally
 10766 | D:10     | Reached skill level 10 in Fighting
 10888 | D:10     | Noticed a deep elf pyromancer
 10899 | D:10     | Killed a deep elf pyromancer
 10953 | D:10     | Noticed a red ugly thing
 10959 | D:10     | Killed a red ugly thing
 11029 | D:10     | Noticed a centaur warrior
 11039 | D:10     | Killed a centaur warrior
 11040 | D:10     | Reached skill level 10 in Invocations
 11181 | D:10     | Identified the ring of the Will of the Gods {Fly rPois rF+
                  | Str+4 Int-4}
 11479 | Lair:1   | Entered Level 1 of the Lair of Beasts
 11720 | Lair:1   | Reached skill level 15 in Axes
 12278 | D:5      | Bought a scroll of magic mapping for 97 gold pieces
 12869 | Lair:2   | Noticed a four-headed hydra
 12878 | Lair:2   | Killed a four-headed hydra
 13028 | Lair:2   | Reached skill level 10 in Armour
 13028 | Lair:2   | Reached XP level 12. HP: 108/108 MP: 20/20
 13619 | Lair:3   | Noticed Gastronok
 13630 | Lair:3   | Killed Gastronok
 13631 | Lair:3   | Reached skill level 16 in Axes
 14073 | Lair:3   | Noticed a death yak
 14073 | Lair:3   | Noticed a death yak
 14074 | Lair:3   | Noticed a death yak
 14082 | Lair:3   | Killed a death yak
 14092 | Lair:3   | Killed a death yak
 14093 | Lair:3   | Killed a death yak
 14332 | Lair:3   | Reached skill level 17 in Axes
 14349 | Lair:3   | Reached ***** piety under Beogh
 14497 | Lair:3   | Noticed a catoblepas
 14511 | Lair:3   | Killed a catoblepas
 14585 | Lair:3   | Found a staircase to the Swamp.
 14959 | Lair:3   | Found a hole to the Spider Nest.
 15289 | Lair:4   | Found a staircase to the Slime Pits.
 15289 | Lair:4   | Found a viscous altar of Jiyva.
 15296 | Lair:4   | Gained Olfrun as an ally
 15315 | Lair:4   | Reached XP level 13. HP: 109/118 MP: 22/22
 15632 | Lair:4   | Reached skill level 18 in Axes
 16445 | Lair:5   | Entered Level 5 of the Lair of Beasts
 17153 | Lair:5   | Reached skill level 19 in Axes
 17575 | Lair:5   | Gained Bogric as an ally
 17577 | Lair:5   | Reached XP level 14. HP: 129/129 MP: 24/24
 17804 | Lair:5   | Reached ****** piety under Beogh
 17983 | Lair:5   | Gained Bogward as an ally
 18051 | Lair:5   | Reached skill level 20 in Axes
 18186 | Lair:5   | Reached skill level 1 in Evocations
 18511 | Lair:5   | Identified the +1 chain mail of Uteffas {rC+}
 19997 | D:11     | Identified the +5 scale mail of Tomorrow {Str+3}
 20025 | D:11     | Gained Ugbert as an ally
 20908 | D:5      | Bought a scroll of acquirement for 676 gold pieces
 20908 | D:5      | Acquired an amulet of reflection
 21099 | D:12     | Noticed Erolcha
 21110 | D:12     | Killed Erolcha
 21846 | Orc:1    | Entered Level 1 of the Orcish Mines
 21862 | Orc:1    | Found a roughly hewn altar of Beogh.
 21963 | Orc:1    | Found an iron altar of Okawaru.
 22090 | Orc:2    | Entered Level 2 of the Orcish Mines
 22118 | Orc:2    | Found a runed translucent door.
 22122 | Orc:2    | Found the +10 tower shield of Ignorance {rN+ Int-4}
 22170 | Orc:2    | Found a runed translucent door.
 22232 | Orc:2    | Found Vuluel's Antique Weapon Emporium.
 22232 | Orc:2    | Found Fudoid's Antique Weapon Shoppe.
 22235 | Orc:2    | Reached skill level 5 in Evocations
 22236 | Orc:2    | Found Qophaikh's Antique Weapon Shoppe.
 22245 | Orc:2    | Found Qeawyeff's Magic Scroll Emporium.
 22250 | Orc:2    | Gained Gorg as an ally
 22283 | Orc:2    | Bought a twisted war axe for 255 gold pieces
 22283 | Orc:2    | Identified the +10 war axe of the Snake Pit {pain, *Corrode
                  | rF+++ Str+9 Stlth-} (You bought it in a shop on level 2 of
                  | the Orcish Mines)
 22286 | Orc:2    | Bought a scroll of amnesia for 44 gold pieces
 22321 | Orc:2    | Reached skill level 15 in Invocations
 22345 | Orc:2    | Found Qauhoblu's Jewellery Boutique.
 22428 | Orc:2    | Found Ejapp's Weapon Shop.
 22432 | Orc:2    | Found Medeos's Jewellery Shop.
 22435 | Orc:2    | Found a staircase to the Elven Halls.
 22529 | Orc:2    | Found Efaipec's Antique Weapon Shoppe.
 22649 | Orc:2    | Found Ommekaic's Jewellery Shop.
 22728 | Orc:2    | Killed Donald
 23010 | Spider:1 | Entered Level 1 of the Spider Nest
 23010 | Spider:1 | Noticed a broodmother
 23019 | Spider:1 | Killed a broodmother
 23022 | Spider:1 | Reached XP level 15. HP: 113/139 MP: 24/26
 23065 | Spider:1 | Noticed Frances
 23069 | Spider:1 | Killed Frances
 24120 | Spider:2 | Noticed an emperor scorpion
 24122 | Spider:2 | Noticed an emperor scorpion
 24130 | Spider:2 | Killed an emperor scorpion
 24131 | Spider:2 | Killed an emperor scorpion
 24186 | Spider:2 | Reached skill level 15 in Fighting
 24594 | Spider:2 | Gained Judas as an ally
 24960 | Spider:2 | Identified the staff of death "Zona" {rN+ SInv}
 26255 | Orc:2    | Bought an amulet of regeneration for 450 gold pieces
 26439 | Swamp:1  | Entered Level 1 of the Swamp
 26597 | Spider:3 | Your ally Bogric died
 26628 | Spider:3 | Killed a ghost moth
 26644 | Spider:3 | Blown up by an orb spider

Illustrated notes

Levels and vault maps discovered:
D:1:      minmay_arrival_doors, layout_basic, chequers_serial_rivers_small_b
D:2:      layout_rooms, minmay_misc_feat_columns
D:3:      layout_loops_ring, overflow_temple_1_default,
          hellmonk_ecumenical_altar_prayer_group
D:4:      layout_loops_ring, uniq_duvessa
D:5:      gammafunk_wand_slinger, layout_basic,
          minmay_temple_entry_glassed_door, serial_shops, kennysheep_mini_moat,
          hangedman_glass_teeth, st_stairs_9
D:6:      layout_loops_corners, gammafunk_temple_overflow_elements,
          uniq_eustachio
D:7:      layout_basic, grunt_dithmenos_smoke_and_mirrors, zin_statuary
D:8:      layout_basic, grunt_temple_overflow_open, gammafunk_ghost_icy,
          serial_shops, shop, uniq_amaemon, uniq_maggie
D:9:      layout_basic, general_overflow_altar, nicolae_elyvilon_peaceful_grove,
          lair_entry_dummy, minmay_misc_feat_tiny
D:10:     layout_loops_ring, orc_0_dummy, chequers_garden,
          minmay_diamond_spiral, uniq_psyche
D:11:     layout_layer_cave, kennysheep_generic_room_3
D:12:     layout_irregular_city, minmay_microvault, uniq_erolcha
Lair:1:   layout_loops_ring
Lair:2:   layout_loops_ring, lemuel_fruit_tree
Lair:3:   layout_regular_city, minmay_swamp_entry_worms,
          spider_nest_entry_rubble, grunt_megastairs_2, uniq_gastronok
Lair:4:   layout_cave_pods, nicolae_slime_entry_slimehenge, serial_bayou_shore_b
Lair:5:   guppyfry_lair_end_dragon, layout_hall_layers,
          hangedman_lair_caniforms_friends, serial_bayou_shore_b,
          serial_bayou_shore_a, grunt_megastairs_4
Swamp:1:  layout_basic_swamp, ebering_ghost_funeral_grove,
          evilmike_swamp_ruin_house_6
Spider:1: layout_spider_delve, uniq_frances
Spider:2: layout_spider_delve
Spider:3: layout_spider_delve, hive_lemuel
Orc:1:    layout_caves, serial_shops, shop, basic_altar,
          okawaru_metal_pillars_1_2
Orc:2:    st_orc_mages, layout_caves, serial_shops,
          nicolae_shop_competitors_out_of_business,
          nicolae_shop_advertising_works [nicolae_subvault_shop_adworks],
          nicolae_shop_stone, nicolae_shop_trees, shop,
          chequers_guarded_unrand_ignorance, uniq_donald

Skill      XL: |  1  2  3  4  5  6  7  8  9 10 11 12 13 14 15 |
---------------+----------------------------------------------+-----
Axes           | 3 4 5 6 8 9 12 13 15 17 19 20 | 20.0
Fighting       | 4 5 6 7 8 9 10 12 13 14 15 | 15.5
Armour         | 4 5 6 7 8 10 11 12 13 14 | 14.3
Invocations    | 1 2 3 4 5 7 9 10 12 13 15 16 | 16.1
Evocations     | 6 9 |  9.1
Shields        | |  3.2

Action                     |  1- 3 |  4- 6 |  7- 9 | 10-12 | 13-15 || total
---------------------------+-------+-------+-------+-------+-------++-------
  Melee: War axe           |    96 |   139 |   364 |   198 |       ||   797
         Punch             |       |     2 |     7 |     3 |       ||    12
         Battleaxe         |       |       |       |   202 |   602 ||   804
         Whip              |       |       |       |     6 |    11 ||    17
 Invoke: Smiting           |       |       |     2 |     4 |     4 ||    10
         Recall Orcish Fol |       |       |       |     6 |    23 ||    29
         Give Item to Name |       |       |       |       |     6 ||     6
         Stop Recall       |       |       |       |       |     9 ||     9
  Evoke: Box of beasts     |       |       |       |       |     1 ||     1
    Use: Potion            |       |     2 |     1 |     3 |     3 ||     9
         Scroll            |       |       |     7 |    11 |     5 ||    23
   Stab: Invisible         |       |     3 |       |     2 |       ||     5
         Distracted        |       |       |       |     4 |    13 ||    17
         Petrifying        |       |       |       |       |     1 ||     1
 Armour: Scale mail        |    48 |       |       |       |       ||    48
         Chain mail        |       |    96 |   144 |       |   176 ||   416
         Plate armour      |       |       |    42 |   273 |   246 ||   561
  Dodge: Dodged            |    65 |    67 |   120 |   127 |   232 ||   611
  Block: Other             |       |       |       |       |    36 ||    36
         Reflection        |       |       |       |       |     1 ||     1

Table legend: (Time is in decaauts)
 A = Elapsed time spent in this place.
 B = Non-inter-level travel time spent in this place.
 C = Inter-level travel time spent in this place.
 D = Time resting spent in this place.
 E = Time spent auto-exploring this place.
 F = Levels seen in this place.
 G = Mean time per level.
                   A        B        C        D        E       F      G
               +--------+--------+--------+--------+--------+-----+--------+
         Total |  26575 |  23679 |   2896 |   6684 |   9599 |  23 | 1155.4 |
       Dungeon |  14163 |  12644 |   1519 |   2653 |   6459 |  12 | 1180.2 |
          Lair |   8248 |   7270 |    978 |   2756 |   2129 |   5 | 1649.6 |
         Swamp |      5 |      4 |      1 |      0 |      0 |   1 |    5.0 |
   Spider Nest |   2813 |   2679 |    134 |   1225 |    536 |   3 |  937.7 |
  Orcish Mines |   1346 |   1083 |    263 |     49 |    475 |   2 |  673.0 |
               +--------+--------+--------+--------+--------+-----+--------+

Top non-repeatable levels by time:
  Lair:4: 2169 daAuts
  Lair:5: 2075 daAuts
  Lair:3: 1948 daAuts
     D:6: 1691 daAuts
    D:10: 1590 daAuts
     D:7: 1506 daAuts
     D:4: 1423 daAuts
     D:5: 1367 daAuts
     D:8: 1319 daAuts
Spider:2: 1272 daAuts
  Lair:1: 1052 daAuts
     D:9: 1047 daAuts
    D:12: 1035 daAuts
   Orc:2: 1022 daAuts
  Lair:2: 1000 daAuts
